 Dungeon Crawl Stone Soup version 0.29-a0-337-g68df138881 (webtiles) character file.

Game seed: 6224827465574939788

10592 Jortsu the Cruncher (level 11, -3/63 HPs)
             Began as a Gargoyle Fighter on Apr 17, 2022.
             Was a Believer of Hepliaklqana.
             Killed from afar by a deep elf pyromancer (8 damage)
             ... with a bolt of fire
             ... on level 10 of the Dungeon.
             The game lasted 00:15:51 (11898 turns).

Jortsu the Cruncher (Gargoyle Fighter)             Turns: 11898, Time: 00:15:51

Health: -3/63      AC: 26    Str: 24    XL:     11   Next: 64%
Magic:  20/20      EV: 10    Int: 12    God:    Hepliaklqana [**....]
Gold:   1206       SH:  5    Dex: 14    Spells: 10/10 levels left

rFire   + . .      SeeInvis .   j - +4 lajatang
rCold   . . .      Faith    .   (shield currently unavailable)
rNeg    + . .      Spirit   .   G - +2 chain mail {Will+}
rPois   ∞          Reflect  +   (no helmet)
rElec   +          Harm     .   (no cloak)
rCorr   .          Rampage  .   D - +0 pair of gloves
Will    +....                   (no boots)
Stlth   ..........              g - amulet of the Cast Vote {Reflect MP+9 Int+3 SH+5}
HPRegen 0.20/turn               p - ring of protection from fire
MPRegen 0.17/turn               E - ring "Wariris" {AC+4 Dex+5}

@: no status effects
A: reduced essence, sickness immunity, AC +8, negative energy resistance 1,
electricity resistance, torment resistance 1, petrification resistance
a: Renounce Religion, Recall Ancestor, Ancestor Identity


You were on level 10 of the Dungeon.
You worshipped Hepliaklqana.
Hepliaklqana was pleased with you.
You visited 2 branches of the dungeon, and saw 11 of its levels.

You collected 1518 gold pieces.
You spent 312 gold pieces at shops.

Inventory:

Hand Weapons
 a - a +0 flail
 j - a +4 lajatang (weapon)
Missiles
 l - a throwing net (quivered)
Armour
 c - a +0 buckler
 D - a +0 pair of gloves (worn)
 G - a +2 chain mail of willpower (worn)
Jewellery
 b - a ring of magical power
 g - the amulet of the Cast Vote (around neck) {Reflect MP+9 Int+3 SH+5}
   (You found it on level 5 of the Dungeon)

   [amulet of reflection]

   It reflects blocked missile attacks.
   Int:       It affects your intelligence (+3).
   MP:        It affects your magic capacity (+9).
   SH:        It affects your SH (+5).
 p - a ring of protection from fire (left hand)
 r - a +6 ring of dexterity
 u - an amulet of the acrobat
 E - the ring "Wariris" (right hand) {AC+4 Dex+5}
   (You found it on level 10 of the Dungeon)

   [ring of protection]

   AC:        It affects your AC (+4).
   Dex:       It affects your dexterity (+5).
Wands
 s - a wand of flame (16)
 t - a wand of mindburst (13)
 v - a wand of iceblast (8)
 x - a wand of digging (6)
Scrolls
 n - 2 scrolls of amnesia
 w - 2 scrolls of teleportation
 y - a scroll of enchant weapon
 z - 2 scrolls of identify
 A - a scroll of summoning
 F - a scroll of magic mapping {unknown}
Potions
 d - 2 potions of might
 e - 3 potions of flight
 f - 8 potions of curing
 h - 7 potions of heal wounds
 i - 2 potions of invisibility
 k - a potion of brilliance
 m - 2 potions of lignification {unknown}
 o - 3 potions of attraction
 q - a potion of berserk rage {unknown}
 B - 2 potions of magic
 C - 2 potions of haste


   Skills:
 + Level 9.3 Fighting
 + Level 2.3(8.2) Maces & Flails
 + Level 12.3(12.4) Staves
 + Level 9.6 Armour
 + Level 3.3 Dodging
 + Level 3.4 Stealth
 + Level 5.4 Shields


You had 10 spell levels left.
You didn't know any spells.
Your spell library contained the following spells:

 Spells                   Type           Power      Damage    Failure   Level
 Animate Skeleton         Necr           0%         N/A       87%         1
 Apportation              Tloc           0%         N/A       87%         1
 Slow                     Hex            0%         N/A       87%         1
 Summon Small Mammal      Summ           0%         N/A       87%         1
 Static Discharge         Conj/Air       0%         N/A       95%         2
 Confusing Touch          Hex            0%         N/A       99%         3
 Vampiric Draining        Necr           0%         2d6       99%         3
 Dispel Undead            Necr           0%         3d6       100%        4
 Sticky Flame             Conj/Fire      0%         2d3       100%        4


Dungeon Overview and Level Annotations

Branches:
Dungeon (10/15)            Temple (1/1) D:4            Lair (0/6) D:9
    Orc: D:9-12

Altars:
Ashenzari
Cheibriados
Dithmenos
Elyvilon
Fedhas
Gozag
Hepliaklqana
Kikubaaqudgha
Makhleb
Nemelex Xobeh
Okawaru
Qazlal
Ru
Sif Muna
Trog
Uskayaw
Vehumet
Wu Jian
Xom
Yredelemnul
Zin
The Shining One

Shops:
D:7 *

Annotations:
D:6 3 runed translucent doors, Jortsu's ghost, amateur DsFi


Innate Abilities, Weirdness & Mutations

Your life essence is reduced to manifest your ancestor. (-10% HP)
You are immune to sickness and miasma.
Your stone body is resilient. (AC +8)
You are immune to poison.
You resist negative energy. (rN+)
You are resistant to electric shocks. (rElec)
You are resistant to unholy torment.
You are immune to petrification.


Message History

You kill the yak!
You swap places.
The kobold demonologist casts a spell.
Tenoch completely misses the sun demon.
You hear a bellow!
You see here a yak corpse.
You barely miss the kobold demonologist.
The deep elf pyromancer mumbles some strange words.
The deep elf pyromancer blinks!
The kobold demonologist misses you. The sun demon closely misses you.
You closely miss the kobold demonologist.
Tenoch barely misses the sun demon.
A yak comes into view.
The kobold demonologist hits you with a +0 dagger.
You slash the kobold demonologist!
The kobold demonologist is moderately wounded.
The sun demon hits you.
You are engulfed in flames!
You resist.
Tenoch barely misses the sun demon.
The kobold demonologist hits you with a +0 dagger.
The deep elf pyromancer points at you and mumbles some strange words.
The sticky flame hits Tenoch!
Tenoch resists.
You closely miss the kobold demonologist.
The kobold demonologist is moderately wounded.
The sun demon hits you but does no damage.
Tenoch completely misses the deep elf pyromancer.
The kobold demonologist attacks as you move away!
The kobold demonologist completely misses you.
The sun demon hits you!
You are engulfed in flames!
You resist.
The deep elf pyromancer gestures at you while chanting.
The bolt of fire hits you! You resist.
* * * LOW HITPOINT WARNING * * *
Tenoch casts a spell at the deep elf pyromancer.
The puff of frost misses the deep elf pyromancer.
The sun demon closely misses you.
The kobold demonologist mumbles some strange words.
The deep elf pyromancer gestures at you while chanting.
The bolt of fire hits the quasit!
The quasit resists.
The bolt of fire hits you! You resist.
You die...

#.# # ## #.# #.K #.# #.Y..
###.####.)...# ##.#.##.....#
#.#..#.##..J.# ###
######.#.#Y####..l. ##.#
#.[......##K3####.. ####.#R
#.#####..##R5@.#### ###.##.#.
#.# ##.##e##)..#####..#R#.#†
#.# ##.##.##.#...##.###.#R#.
#.# #..##).....#...#####..#.
#.#####..##.##.#...###..#####.
#.#......##.##...####..#..####
#.....##.##....####..#..#...##
###...##.##..####[##.#.#...#..
##.###.# ####....#.#..#...#.


You could see the friendly Tenoch the battlemage, a sun demon (summoned), a deep
elf pyromancer (ally target), a kobold demonologist, a yak and a quasit
(summoned, distracted).

Vanquished Creatures
  A two-headed ogre (D:10)
  An ugly thing (D:10)
  4 trolls
  3 hornets
  A slime creature (D:10)
  A shadow (D:10)
  9 yaks
  4 wyverns
  2 water moccasins
  4 black bears
  A sky beast (D:7)
  An ogre (D:6)
  3 orc warriors
  5 centaurs
  3 kobold brigands
  3 bullfrogs
  A necrophage (D:4)
  A scorpion (D:4)
  6 wights
  19 killer bees
  A howler monkey (D:10)
  9 hounds
  A jelly (D:6)
  3 orc priests
  A gnoll shaman (D:7)
  An iguana (D:4)
  4 orc wizards
  6 gnolls
  6 adders
  A white imp (D:5)
  A dart slug (D:3)
  31 orcs
  3 bats
  7 endoplasms
  7 hobgoblins
  11 kobolds
  5 quokkas
  3 ball pythons
  3 frilled lizards
  4 goblins
  6 rats
187 creatures vanquished.

Vanquished Creatures (collateral kills)
  A tengu conjurer (D:10)
  A vampire (D:10)
  6 yaks
  An orc warrior (D:9)
  A phantom (D:7)
  4 wights
  6 killer bees
  A howler monkey (D:10)
  A jelly (D:6)
  3 orc priests (D:9)
  2 orc wizards (D:9)
  A mummy (D:9)
  3 orcs
  A kobold (D:9)
32 creatures vanquished.

Vanquished Creatures (others)
  A battlemage (D:9)
  3 ancestors
  A fungus (D:5)
  6 plants (D:3)
  A withered plant (D:5)
12 creatures vanquished.

Grand Total: 231 creatures vanquished

Notes
Turn   | Place    | Note
-------+----------+-------------------------------------------
     0 | D:1      | Jortsu the Gargoyle Fighter began the quest for the Orb.
     0 | D:1      | Reached XP level 1. HP: 14/14 MP: 1/1
   353 | D:1      | Reached XP level 2. HP: 16/19 MP: 2/2
   489 | D:1      | Found a faded altar of an unknown god.
   550 | D:1      | Prayed at the altar of an unknown god.
   550 | D:1      | Became a worshipper of Ru the Awakened
   551 | D:1      | Fell from the grace of Ru
  1059 | D:2      | Reached XP level 3. HP: 12/24 MP: 3/3
  1271 | D:2      | Reached skill level 1 in Staves
  1376 | D:2      | Reached XP level 4. HP: 29/29 MP: 4/4
  1761 | D:3      | Identified the +0 scale mail of Mezcal {rF+ rN+ Int-2
                  | Dex+8}
  1952 | D:3      | Reached skill level 2 in Staves
  2613 | D:3      | Identified a scroll of acquirement
  2613 | D:3      | Acquired 706 gold pieces
  2986 | D:4      | Reached XP level 5. HP: 33/33 MP: 5/5
  3099 | D:4      | Found a staircase to the Ecumenical Temple.
  3108 | Temple   | Entered the Ecumenical Temple
  3200 | Temple   | Became a worshipper of Hepliaklqana the Forgotten
  3379 | D:4      | Reached skill level 3 in Staves
  3416 | D:4      | Reached XP level 6. HP: 5/39 MP: 6/6
  3836 | D:4      | Reached skill level 4 in Staves
  4007 | D:5      | Entered Level 5 of the Dungeon
  4023 | D:5      | Reached skill level 1 in Dodging
  4107 | D:5      | Found a basalt altar of Yredelemnul.
  4141 | D:5      | Identified the amulet of the Cast Vote {Reflect MP+9 Int+3
                  | SH+5}
  4263 | D:5      | Reached XP level 7. HP: 44/44 MP: 7/7
  4271 | D:5      | Reached skill level 5 in Staves
  4353 | D:5      | Found a glowing golden altar of the Shining One.
  4424 | D:5      | Found a broken altar of Ashenzari.
  4518 | D:5      | Reached * piety under Hepliaklqana
  4988 | D:6      | Found an iron altar of Okawaru.
  5159 | D:6      | Reached skill level 5 in Fighting
  5159 | D:6      | Reached skill level 6 in Staves
  5159 | D:6      | Reached skill level 5 in Armour
  5160 | D:6      | Reached XP level 8. HP: 37/44 MP: 8/8
  5283 | D:6      | Reached skill level 1 in Stealth
  6521 | D:6      | Reached skill level 7 in Staves
  6630 | D:6      | Found a runed translucent gate.
  6631 | D:6      | Found a runed translucent gate.
  6631 | D:6      | Found a runed translucent gate.
  6632 | D:6      | Noticed Jortsu's ghost (amateur DsFi)
  6816 | D:7      | Found a shadowy altar of Dithmenos.
  7047 | D:7      | Reached XP level 9. HP: 35/49 MP: 9/9
  7317 | D:7      | Reached skill level 8 in Staves
  7438 | D:7      | Found a blossoming altar of Fedhas.
  7495 | D:7      | Found Koruiz's General Store.
  7506 | D:7      | Bought a potion of heal wounds for 80 gold pieces
  7506 | D:7      | Bought a scroll of identify for 32 gold pieces
  7506 | D:7      | Bought a scroll of enchant weapon for 120 gold pieces
  7506 | D:7      | Bought a potion of heal wounds for 80 gold pieces
  7718 | D:7      | Identified the +5 ring mail "Meisol" {rN+ Will+}
  7955 | D:7      | Found an ornate altar of the Wu Jian Council.
  7956 | D:7      | Found an opulent altar of Gozag.
  7958 | D:7      | Found a hide-covered altar of Uskayaw.
  7962 | D:7      | Found a white marble altar of Elyvilon.
  8329 | D:8      | Noticed a hornet
  8413 | D:7      | Killed a hornet
  8414 | D:7      | Reached skill level 9 in Staves
  8783 | D:7      | Reached XP level 10. HP: 51/54 MP: 10/10
  8871 | D:8      | Reached ** piety under Hepliaklqana
  8872 | D:8      | Remembered your ancestor Tenoch as a battlemage
  9075 | D:8      | Reached skill level 10 in Staves
  9933 | D:9      | Found a staircase to the Lair.
  9944 | D:9      | Reached skill level 5 in Shields
 10195 | D:9      | Reached skill level 11 in Staves
 10569 | D:9      | Reached XP level 11. HP: 60/61 MP: 11/11
 10799 | D:9      | Found a glowing silver altar of Zin.
 10861 | D:9      | Found a snail-covered altar of Cheibriados.
 10910 | D:10     | Entered Level 10 of the Dungeon
 10971 | D:10     | Noticed a two-headed ogre
 11350 | D:10     | Identified the ring "Wariris" {AC+4 Dex+5}
 11460 | D:10     | Found a shimmering altar of Xom.
 11539 | D:10     | Noticed a green ugly thing
 11546 | D:10     | Noticed a two-headed ogre
 11553 | D:10     | Killed a green ugly thing
 11568 | D:10     | Killed a two-headed ogre
 11573 | D:10     | Reached skill level 12 in Staves
 11890 | D:10     | Noticed a deep elf pyromancer
 11893 | D:10     | Noticed a sun demon
 11898 | D:10     | Killed from afar by a deep elf pyromancer

Illustrated notes

Levels and vault maps discovered:
D:1:      saegor_arrival_simple_d, layout_rooms,
          shapermc_ecumenical_altar_totnotflames
D:2:      layout_loops_ring
D:3:      layout_basic, serial_bayou_lake_a
D:4:      layout_loops_corners, minmay_temple_entry_poolview, minmay_circle_x
D:5:      cheibrodos_helix_gallery, layout_loops_ring,
          mainiacjoe_overflow_cross_hatched, evilmike_ruin_ashenzari,
          yredelemnul_altar_generic
D:6:      layout_loops_ring, mainiacjoe_overflow_chevrons,
          ebering_ghost_rock_garden
D:7:      layout_loops_ring, lemuel_doored_altar, grunt_temple_overflow_open,
          serial_shops, shop, minmay_misc_feat_pillars, dreamdust_gnoll_shepherd
D:8:      layout_basic
D:9:      layout_rooms, slow_altar_2, mainiacjoe_overflow_alcove_4,
          david_lair_generic
D:10:     minmay_the_grid_triangle_9x9_rhombus_full
          [minmay_the_grid_triangle_9x9_dagger,
          minmay_the_grid_triangle_9x9_descending_squares,
          minmay_the_grid_triangle_9x9_alien,
          minmay_the_grid_triangle_9x9_zippers_horizontal,
          minmay_the_grid_triangle_9x9_impossible_snake,
          minmay_the_grid_triangle_9x9_checkered,
          minmay_the_grid_triangle_9x9_pentomino_pain,
          minmay_the_grid_triangle_9x9_prize_schism], layout_loops_cross,
          xom_butterflies, nicolae_fountain_basement
Temple:   dpeg_three_leaves_temple

Skill      XL: |  1  2  3  4  5  6  7  8  9 10 11 |
---------------+----------------------------------+-----
Staves         | 1 2 3 4 6 7 9 11 12 | 12.3
Fighting       | 4 5 6 8 9 |  9.3
Armour         | 4 5 6 7 8 9 |  9.6
Dodging        | 1 2 3 |  3.3
Stealth        | 1 2 3 |  3.4
Shields        | 4 5 |  5.4
Maces & Flails | |  2.3

Action                   |  1- 3 |  4- 6 |  7- 9 | 10-12 || total
-------------------------+-------+-------+-------+-------++-------
Melee: Flail             |    35 |       |       |       ||    35
       Lajatang          |    39 |   127 |   229 |   202 ||   597
Invok: Renounce Religion |     1 |       |       |       ||     1
       Ancestor Identity |       |       |     1 |       ||     1
       Ancestor Life: Ba |       |       |       |     1 ||     1
  Use: Scroll            |     3 |     5 |     3 |     3 ||    14
       Potion            |       |       |       |     1 ||     1
 Stab: Distracted        |       |       |       |     6 ||     6
Armor: Scale mail        |    61 |    87 |    47 |       ||   195
       Chain mail        |       |       |    95 |   119 ||   214
Dodge: Dodged            |    56 |    78 |   100 |    86 ||   320
Block: Buckler           |     6 |       |       |       ||     6
       Other             |       |     3 |    46 |    42 ||    91
       Reflection        |       |       |     2 |     1 ||     3

Table legend: (Time is in decaauts)
 A = Elapsed time spent in this place.
 B = Non-inter-level travel time spent in this place.
 C = Inter-level travel time spent in this place.
 D = Time resting spent in this place.
 E = Time spent auto-exploring this place.
 F = Levels seen in this place.
 G = Mean time per level.
                   A        B        C        D        E       F      G
               +--------+--------+--------+--------+--------+-----+--------+
         Total |  11969 |  11717 |    252 |   3263 |   6542 |  11 | 1088.1 |
       Dungeon |  11863 |  11620 |    243 |   3263 |   6484 |  10 | 1186.3 |
        Temple |    105 |     96 |      9 |      0 |     58 |   1 |  105.0 |
               +--------+--------+--------+--------+--------+-----+--------+

Top non-repeatable levels by time:
     D:5: 1694 daAuts
     D:7: 1579 daAuts
     D:6: 1325 daAuts
     D:4: 1262 daAuts
     D:8: 1247 daAuts
     D:9: 1066 daAuts
     D:3: 1039 daAuts
    D:10: 969 daAuts
     D:1: 873 daAuts
     D:2: 804 daAuts
  Temple: 105 daAuts
